 Dungeon Crawl Stone Soup version 0.22-a0-409-gb855193 (webtiles) character file.

27228 Alphaeus the Bludgeoner (level 13, -2/82 HPs)
             Began as a Gargoyle Berserker on May 10, 2018.
             Was a High Priest of Trog.
             Slain by a spiny frog (9 damage)
             ... on level 5 of the Lair of Beasts.
             The game lasted 00:20:24 (16030 turns).

Alphaeus the Bludgeoner (Gargoyle Berserker)       Turns: 16030, Time: 00:20:24

Health: -2/82      AC: 29    Str: 21    XL:     13   Next: 31%
Magic:  13/13      EV:  8    Int: 10    God:    Trog [*****.]
Gold:   655        SH:  0    Dex: 12    Spells: 12/12 levels left

rFire    . . .     SeeInvis +   a - +6 quarterstaff of Nulaifoa {flame, *Rage rPois rC+}
rCold    + + .     Gourm    .   (shield currently unavailable)
rNeg     + . .     Faith    .   O - +1 plate armour {rC+}
rPois    ∞         Spirit   .   g - +0 helmet
rElec    +         Reflect  .   (no cloak)
rCorr    .         Harm     .   (no gloves)
MR       .....     Rnd*Rage +   L - +0 pair of boots
Stlth    ..........             (no amulet)
HPRegen  0.23/turn              (no ring)
MPRegen  0.13/turn              l - ring of see invisible

@: vulnerable, berserk cooldown, slowed, very slow
A: negative energy resistance 1, electricity resistance, unbreathing,
petrification resistance, rot immunity, AC +9
a: Berserk, Trog's Hand, Brothers in Arms, Renounce Religion


You were on level 5 of the Lair of Beasts.
You worshipped Trog.
Trog was extremely pleased with you.
You were not hungry.

You visited 2 branches of the dungeon, and saw 17 of its levels.

You collected 934 gold pieces.
You spent 279 gold pieces at shops.

Inventory:

Hand Weapons
 a - the +6 quarterstaff of Nulaifoa (weapon) {flame, *Rage rPois rC+}
   (You bought it in a shop on level 7 of the Dungeon)

   It has been specially enchanted to burn those struck by it, causing extra
   injury to most foes and up to half again as much damage against particularly
   susceptible opponents.
   It protects you from cold.
   It protects you from poison.
   It may make you go berserk in combat.
 b - the +7 great mace "Firestarter" {inner flame, rF++}
   (Trog gifted it to you on level 12 of the Dungeon)

   It has been specially enchanted to burn those struck by it, causing extra
   injury to most foes and up to half again as much damage against particularly
   susceptible opponents.
   It greatly protects you from fire.
 x - a +0 shortbow
 M - a +3 great mace of holy wrath
 P - a +4 morningstar
Missiles
 y - 202 arrows
Armour
 g - a +0 helmet (worn)
 k - a +0 ring mail
 v - a +3 leather armour
 L - a +0 pair of boots (worn)
 O - a +1 plate armour of cold resistance (worn)
 V - a +0 animal skin
Jewellery
 l - a ring of see invisible (right hand)
 r - an uncursed ring of flight
 C - an uncursed ring of fire
 G - an uncursed ring of fire
Wands
 w - a wand of paralysis (11)
 D - a wand of polymorph (24)
 F - a wand of acid (6)
 S - a wand of random effects (19)
 U - a wand of iceblast (10)
 Z - a wand of flame (33)
Scrolls
 e - 5 scrolls of teleportation
 f - 5 scrolls of amnesia
 h - 2 scrolls of remove curse
 j - 9 scrolls of identify
 m - 2 scrolls of enchant weapon
 o - 4 scrolls of immolation
 p - 2 scrolls of magic mapping
 u - a scroll of random uselessness {unknown}
 z - 3 scrolls of fear {unknown}
 A - a scroll of silence {unknown}
 B - a scroll of noise {unknown}
 J - 4 scrolls of enchant armour {unknown}
 K - 2 scrolls of fog {unknown}
 Y - a scroll of brand weapon {unknown}
Potions
 d - a potion of curing
 i - 2 potions of might
 n - 2 potions of lignification {unknown}
 q - 2 potions of heal wounds {unknown}
 t - 2 potions of magic {unknown}
 E - 2 potions of agility {unknown}
 H - a potion of ambrosia {unknown}
 N - a potion of resistance {unknown}
 Q - 3 potions of haste {unknown}
 R - a potion of brilliance {unknown}
 W - a potion of flight {unknown}
 X - a potion of degeneration {unknown}
Miscellaneous
 T - a sack of spiders
Comestibles
 c - 33 rations
 I - 5 chunks of flesh


   Skills:
 - Level 10.0 Fighting
 * Level 15.4 Maces & Flails
 - Level 4.3 Bows
 - Level 13.1 Armour
 - Level 1.5 Dodging


You had 12 spell levels left.
You didn't know any spells.

Dungeon Overview and Level Annotations

Branches:
Dungeon (12/15)            Temple (0/1) D:7            Lair (6/6) D:10
 Spider (0/4) Lair:2        Slime (0/5) Lair:6          Orc (0/2) D:10
  Swamp: Lair:2-4    Shoals: Lair:2-4

Altars:
Cheibriados
Dithmenos
Elyvilon
Fedhas
Makhleb
Nemelex Xobeh
Okawaru
Qazlal
Ru
Sif Muna
Trog
Uskayaw
Wu Jian
Xom

Shops:
D:7 (

Portals:
Trove: D:10 (give 15 scrolls of teleportation)

Annotations:
D:4 2 transporters


Innate Abilities, Weirdness & Mutations

You are resistant to torment.
Your stone body is resilient. (AC +9)
You are immune to poison.
You resist negative energy. (rN+)
You are resistant to electric shocks. (rElec)
You can survive without breathing.
You are immune to petrification.
You are immune to rotting.


Message History

* * * LOW HITPOINT WARNING * * *
The spiny frog stings you but does no damage.
The blink frog hits you.
* * * LOW HITPOINT WARNING * * *
The blink frog hits you but does no damage. x2
The spiny frog stings you but does no damage.
The crocodile bites you but does no damage.
The spiny frog stings you but does no damage.
You feel better.
The blink frog blinks! x2
The blink frog hits you but does no damage.
The spiny frog stings you.
* * * LOW HITPOINT WARNING * * *
The blink frog blinks!
The spiny frog stings you!
* * * LOW HITPOINT WARNING * * *
The blink frog blinks!
The crocodile barely misses you.
The blink frog hits you but does no damage.
The spiny frog closely misses you.
The spiny frog stings you but does no damage.
The blink frog barely misses you. The spiny frog stings you!
You die...

#......##
#.#....P#
#......##
#......#
#.....##
#.....##
##......##..
#..#...@F$.....
......FtF......
......§........
...............
...............
§..............
........F......
...............
...........§...


You could see 2 spiny frogs, 2 blink frogs and a crocodile.

Vanquished Creatures
  The ghost of vegansnacktivist the Blocker, a journeyman DDFi of Makhleb (D:9)
  A hydra (D:12)
  2 two-headed ogres (D:12)
  The ghost of Maimakterion the Destroyer, a novice DrCj of Vehumet (D:10)
  3 death yaks (Lair:6)
  An unseen horror (D:11)
  2 deep elf magi (D:12)
  A manticore (D:11)
  An ugly thing (D:12)
  4 black mambas
  4 spiny frogs
  Psyche (D:8)
  2 komodo dragons
  3 polar bears (Lair:2)
  2 trolls
  3 hornets
  8 hippogriffs
  A spriggan (D:7)
  Sigmund (D:6)
  A shadow (D:12)
  A vampire (D:5)
  13 yaks
  A tarantella (Lair:2)
  4 wyverns
  Eustachio (D:5)
  The ghost of necromuncher the Conjurer, an amateur DrFE (D:4)
  Menkaure (D:4)
  An acid dragon (D:11)
  9 water moccasins
  5 sky beasts
  7 orc warriors
  3 porcupines
  An eye of draining (D:11)
  5 ice beasts
  A hornet zombie (D:8)
  2 black bears (D:9)
  2 necrophages
  5 phantoms
  4 centaurs
  4 ogres
  5 crocodiles
  Blork the orc (D:4)
  2 big kobolds
  10 bullfrogs
  A gnoll sergeant (D:9)
  10 killer bees
  4 scorpions
  17 wights
  An electric eel (Lair:2)
  9 howler monkeys
  10 crimson imps
  2 centaur zombies
  4 jellies
  6 orc priests
  4 bullfrog skeletons
  6 hounds
  A gnoll shaman (D:9)
  4 hell rats (Lair:2)
  4 iguanas
  Natasha (D:4)
  9 orc wizards
  11 worker ants
  2 hound zombies
  2 hound skeletons (D:9)
  A worker ant zombie (D:7)
  13 gnolls
  4 adders
  4 oozes
  An adder zombie (D:7)
  3 worms
  2 dart slugs
  4 leopard geckos
  49 orcs
  2 giant cockroaches
  2 goblins (D:2)
  7 hobgoblins
  4 jackals (D:4)
  9 kobolds
  6 quokkas
  3 bats
  4 frilled lizards (D:2)
  A jackal skeleton (D:5)
  2 rats
  A bush (Lair:2)
  A fungus (Lair:6)
  2 plants
365 creatures vanquished.

Vanquished Creatures (collateral kills)
  An ugly thing (D:11)
1 creature vanquished.

Vanquished Creatures (others)
  3 fungi (Lair:6)
  6 plants (Lair:6)
9 creatures vanquished.

Grand Total: 375 creatures vanquished

Notes
Turn   | Place    | Note
-------+----------+-------------------------------------------
     0 | D:1      | Alphaeus the Gargoyle Berserker began the quest for the Orb.
     0 | D:1      | Reached XP level 1. HP: 14/14 MP: 1/1
     1 | D:1      | You fall through a shaft!
   267 | D:1      | Reached XP level 2. HP: 19/19 MP: 2/2
  1174 | D:2      | Reached XP level 3. HP: 20/23 MP: 3/3
  1252 | D:2      | Found a snail-covered altar of Cheibriados.
  1733 | D:2      | Found an iron altar of Okawaru.
  2089 | D:3      | Found a white marble altar of Elyvilon.
  2130 | D:3      | Reached ** piety under Trog
  2169 | D:3      | Reached XP level 4. HP: 17/29 MP: 4/4
  2447 | D:3      | Reached skill level 4 in Maces & Flails
  2750 | D:4      | Noticed a phantom
  2772 | D:4      | Killed a phantom
  2772 | D:4      | Reached XP level 5. HP: 27/33 MP: 5/5
  2848 | D:4      | Noticed necromuncher's ghost (amateur DrFE)
  2852 | D:4      | Killed necromuncher's ghost
  2852 | D:4      | Reached XP level 6. HP: 34/39 MP: 6/6
  2920 | D:4      | Reached skill level 5 in Maces & Flails
  2980 | D:4      | Found a shimmering altar of Xom.
  2980 | D:4      | Noticed a hippogriff
  2992 | D:4      | Found a transporter.
  2995 | D:4      | Noticed a red ugly thing
  3001 | D:4      | Found a transporter.
  3075 | D:4      | Noticed Blork the orc
  3080 | D:4      | Noticed Menkaure
  3094 | D:4      | Killed Blork the orc
  3094 | D:4      | Reached skill level 5 in Armour
  3095 | D:4      | Killed Menkaure
  3095 | D:4      | Reached XP level 7. HP: 44/44 MP: 7/7
  3348 | D:4      | Reached skill level 5 in Fighting
  3428 | D:4      | Noticed Natasha
  3431 | D:4      | Killed Natasha
  3456 | D:4      | Reached skill level 1 in Bows
  3729 | D:4      | Found a bloodstained altar of Trog.
  3981 | D:5      | Entered Level 5 of the Dungeon
  4000 | D:5      | Noticed a vampire
  4015 | D:5      | Killed a vampire
  4015 | D:5      | Reached skill level 6 in Maces & Flails
  4015 | D:5      | Reached XP level 8. HP: 30/49 MP: 8/8
  4481 | D:5      | Found a hide-covered altar of Uskayaw.
  4791 | D:5      | Noticed Eustachio
  4800 | D:5      | Killed Eustachio
  4987 | D:6      | Noticed Sigmund
  5001 | D:6      | Killed Sigmund
  5001 | D:6      | Reached *** piety under Trog
  5004 | D:6      | Reached skill level 7 in Maces & Flails
  5094 | D:6      | Reached XP level 9. HP: 51/55 MP: 9/9
  5318 | D:6      | Found a sacrificial altar of Ru.
  5340 | D:6      | Found a sacrificial altar of Ru.
  5413 | D:7      | Found an ornate altar of the Wu Jian Council.
  5442 | D:7      | Found a blossoming altar of Fedhas.
  5444 | D:7      | Found a deep blue altar of Sif Muna.
  5644 | D:7      | Found a staircase to the Ecumenical Temple.
  5818 | D:7      | Found a sparkling altar of Nemelex Xobeh.
  5911 | D:7      | Reached skill level 8 in Maces & Flails
  6046 | D:7      | Reached **** piety under Trog
  6139 | D:7      | Found Decutan's Antique Weapon Boutique.
  6150 | D:7      | Bought an iridescent quarterstaff for 279 gold pieces
  6150 | D:7      | Identified the +6 quarterstaff of Nulaifoa {flame, *Rage rPois rC+} (You bought it in a shop on level 7 of the Dungeon)
  6615 | D:8      | Noticed Psyche
  6622 | D:8      | Killed Psyche
  6926 | D:8      | Reached XP level 10. HP: 57/63 MP: 10/10
  6990 | D:8      | Reached skill level 9 in Maces & Flails
  7795 | D:9      | Noticed vegansnacktivist's ghost (journeyman DDFi)
  8027 | D:9      | Killed vegansnacktivist's ghost
  8027 | D:9      | Reached skill level 10 in Armour
  8307 | D:9      | Reached ***** piety under Trog
  8317 | D:9      | Reached skill level 10 in Maces & Flails
  8622 | D:9      | Found a shadowy altar of Dithmenos.
  9307 | D:9      | Found a burning altar of Makhleb.
  9373 | D:10     | Entered Level 10 of the Dungeon
  9381 | D:10     | Found a staircase to the Orcish Mines.
  9394 | D:10     | Reached XP level 11. HP: 61/69 MP: 11/11
  9399 | D:10     | Received a gift from Trog
  9638 | D:10     | Found a portal to a secret trove of treasure.
  9737 | D:10     | Noticed Maimakterion's ghost (novice DrCj)
  9749 | D:10     | Killed Maimakterion's ghost
  9758 | D:10     | Received a gift from Trog
  9786 | D:10     | Found a hide-covered altar of Uskayaw.
  9808 | D:10     | Found a stormy altar of Qazlal.
  9921 | D:10     | Found a staircase to the Lair.
  9938 | D:10     | Reached skill level 11 in Maces & Flails
 10621 | D:11     | Noticed a white ugly thing
 10639 | D:11     | Killed a white ugly thing
 10709 | D:11     | Noticed an unseen horror
 10717 | D:11     | Killed an unseen horror
 10906 | D:11     | Noticed a manticore
 10921 | D:11     | Killed a manticore
 11686 | D:12     | Noticed a deep elf mage
 11696 | D:12     | Killed a deep elf mage
 11696 | D:12     | Reached XP level 12. HP: 76/76 MP: 12/12
 11737 | D:12     | Reached skill level 12 in Maces & Flails
 11795 | D:12     | Noticed a two-headed ogre
 11807 | D:12     | Killed a two-headed ogre
 11999 | D:12     | Noticed a two-headed ogre
 12008 | D:12     | Killed a two-headed ogre
 12008 | D:12     | Reached skill level 10 in Fighting
 12146 | D:12     | Received a gift from Trog
 12147 | D:12     | Found the +7 great mace "Firestarter" {inner flame, rF++}
 12413 | D:12     | Noticed an eight-headed hydra
 12423 | D:12     | Killed an eight-headed hydra
 12611 | D:12     | Found a sparkling altar of Nemelex Xobeh.
 12750 | D:12     | Reached skill level 13 in Maces & Flails
 13301 | Lair:1   | Entered Level 1 of the Lair of Beasts
 14692 | Lair:2   | Reached skill level 14 in Maces & Flails
 15295 | Lair:2   | Found a hole to the Spider Nest.
 15579 | Lair:2   | Reached XP level 13. HP: 67/82 MP: 13/13
 15781 | Lair:3   | You fall through a shaft for 3 floors!
 15781 | Lair:6   | Entered Level 6 of the Lair of Beasts
 15891 | Lair:6   | Reached skill level 15 in Maces & Flails
 16030 | Lair:5   | Slain by a spiny frog

Vault maps used:
D:1:      tarquinn_simple_flora_water_a, eino_curves_01
D:2:      old_standard_altar, old_standard_altar
D:3:      nicolae_overflow_hidden_temple
D:4:      gammafunk_temple_overflow_arena, overflow_temple_1_default,
          first_ration, kennysheep_small_square, uniq_menkaure,
          uniq_blork_the_orc, uniq_natasha
D:5:      marbit_many_paths, kennysheep_generic_room_14, uniq_eustachio
D:6:      overflow_temple_1_default, nicolae_ru_awakened_eye, uniq_sigmund
D:7:      nicolae_overflow_crystal_walls, kennysheep_mini,
          grunt_temple_overflow_open, minmay_temple_entry_glass, serial_shops,
          shop_fountains, the_bakery
D:8:      uniq_psyche
D:9:      makhleb_blood_cavern_becter, lemuel_crystal_altar
D:10:     lair_entry_dummy, david_orc_2, enter_trove_1, basic_altar,
          grunt_qazlal_clouds
D:12:     basic_altar, minmay_door_square
Lair:1:   infiniplex_staircase_pool
Lair:2:   spider_nest_entry_rubble, gammafunk_lair_bear_cave
Lair:3:   beast_lair_carwin_3, grunt_megastairs_1
Lair:5:   uniq_josephine
Lair:6:   hangedman_lair_tendril_chambers, nicolae_slime_entry_slimehenge

Skill      XL: |  1  2  3  4  5  6  7  8  9 10 11 12 13 |
---------------+----------------------------------------+-----
Armour         | 3 4 5 6 7 9 11 12 13 | 13.1
Maces & Flails | 4 5 6 7 8 10 11 14 15 | 15.4
Fighting       | 4 5 6 7 8 9 10 | 10.0
Bows           | 2 4 |  4.3
Dodging        | |  1.5

Action                   |  1- 3 |  4- 6 |  7- 9 | 10-12 | 13-15 || total
-------------------------+-------+-------+-------+-------+-------++-------
Melee: Mace              |    96 |    30 |       |       |       ||   126
       Whip              |       |    70 |   321 |       |       ||   391
       Quarterstaff      |       |       |    30 |   681 |    34 ||   745
       Great mace        |       |       |       |    40 |    35 ||    75
Invok: Berserk           |       |     1 |     2 |     3 |     1 ||     7
       Trog's Hand       |       |       |       |     1 |     1 ||     2
       Brothers in Arms  |       |       |       |     1 |       ||     1
  Use: Potion            |       |       |       |     2 |     4 ||     6
       Scroll            |       |       |       |     4 |     4 ||     8
  Eat: Chunk             |     4 |     3 |    10 |    23 |       ||    40
       Ration            |       |       |     1 |     3 |     1 ||     5
Armor: Animal skin       |     7 |       |       |       |       ||     7
       Ring mail         |    29 |    21 |       |       |       ||    50
       Leather armour    |       |    30 |   156 |   128 |       ||   314
       Plate armour      |       |       |       |   619 |    77 ||   696
Dodge: Dodged            |    71 |    60 |   172 |   449 |    50 ||   802

Table legend:
 A = Spawn XP
 B = Non-spawn XP
 C = Spawn XP percentage of total XP
 D = Spawn monster count
 E = Non-spawn monster count
 F = Spawn count percentage of total count
 G = Total turns spent on level
                    A         B        C        D         E        F      G
               +---------+---------+-------+---------+---------+-------+---------
         Total |       0 |   38898 |   0.0 |       0 |     362 |   0.0 | 16030
               +---------+---------+-------+---------+---------+-------+---------
           D:1 |       0 |      15 |   0.0 |       0 |       6 |   0.0 |  1086
           D:2 |       0 |      35 |   0.0 |       0 |      16 |   0.0 |   857
           D:3 |       0 |      92 |   0.0 |       0 |      13 |   0.0 |   922
           D:4 |       0 |     883 |   0.0 |       0 |      18 |   0.0 |  1116
           D:5 |       0 |     836 |   0.0 |       0 |      19 |   0.0 |  1006
           D:6 |       0 |     796 |   0.0 |       0 |      12 |   0.0 |   454
           D:7 |       0 |    1320 |   0.0 |       0 |      32 |   0.0 |  1243
           D:8 |       0 |    1557 |   0.0 |       0 |      18 |   0.0 |  1378
           D:9 |       0 |    3568 |   0.0 |       0 |      49 |   0.0 |  1311
          D:10 |       0 |    3883 |   0.0 |       0 |      45 |   0.0 |   977
          D:11 |       0 |    4930 |   0.0 |       0 |      40 |   0.0 |  1393
          D:12 |       0 |    7749 |   0.0 |       0 |      40 |   0.0 |  1558
        Lair:1 |       0 |    2776 |   0.0 |       0 |      12 |   0.0 |  1163
        Lair:2 |       0 |    3824 |   0.0 |       0 |      22 |   0.0 |  1315
        Lair:5 |       0 |      93 |   0.0 |       0 |       1 |   0.0 |    13
        Lair:6 |       0 |    6541 |   0.0 |       0 |      19 |   0.0 |   236
               +---------+---------+-------+---------+---------+-------+---------
